 Dungeon Sprint DCSS version 0.30.1-11-g7821555f0a (webtiles) character file.

Game seed: 12642335603748010426

140 Heoruswealwe the Spear-Bearer (level 5, -4/52 HPs)
             Began as a Minotaur Fighter on Nov 5, 2023.
             Was an Initiate of Gozag.
             Slain by a troll (5 damage)
             ... in the Dungeon (Sprint IX: "|||||||||||||||||||||||||||||").
             The game lasted 00:01:08 (102 turns).

Heoruswealwe the Spear-Bearer (Minotaur Fighter)     Turns: 102, Time: 00:01:08

Health: -4/52      AC:  7    Str: 22    XL:     5   Next: 2%
Magic:  4/4        EV:  9    Int:  5    God:    Gozag
Gold:   0          SH:  0    Dex: 10    Spells: 4/4 levels left

rFire   . . .        b - +2 halberd (venom)
rCold   . . .        (shield currently unavailable)
rNeg    . . .        c - +0 scale mail
rPois   .            (helmet restricted)
rElec   .            (no cloak)
rCorr   .            (no gloves)
SInv    .            (no boots)
Will    .....        (no amulet) Stlth
                     (no ring)
HPRegen 0.28/turn    (no ring)
MPRegen 0.09/turn

%: no teleportation
@: no status effects
A: horns 2, retaliatory headbutt
a: Renounce Religion, Potion Petition, Call Merchant, Bribe Branch


You were in the Dungeon.
You worshipped Gozag.
Gozag was noncommittal.
You visited 1 branch

Inventory:

Hand Weapons
 a - a +0 trident
 b - a +2 halberd of venom (weapon)
Armour
 c - a +0 scale mail (worn)
 d - a +0 buckler
Jewellery
 l - a +2 ring of evasion
 m - a +3 ring of dexterity
Wands
 h - a wand of light (10)
Scrolls
 j - 2 scrolls of blinking
Potions
 e - 5 potions of curing
 f - 2 potions of heal wounds
 g - a potion of haste
 i - a potion of berserk rage
 k - a potion of might


   Skills:
 + Level 7.0 Fighting
 * Level 8.8 Polearms
 + Level 7.0 Armour
 - Level 3.6 Shields


You had 4 spell levels left.
You didn't know any spells.
Your spell library was empty.

Dungeon Overview and Level Annotations

Branches:
Dungeon (1/1)

Altars:
Cheibriados
Dithmenos
Elyvilon
Fedhas
Gozag
Hepliaklqana
Kikubaaqudgha
Makhleb
Nemelex Xobeh
Okawaru
Qazlal
Ru
Sif Muna
Trog
Uskayaw
Vehumet
Wu Jian
Xom
Yredelemnul
Zin
The Shining One
Jiyva
Lugonu


Innate Abilities, Weirdness & Mutations

You have a pair of horns on your head.
You reflexively headbutt those who attack you in melee.


Message History

b - a +2 halberd of venom (weapon)
You see here a +0 helmet.
You see here a +0 helmet.
You see here a +2 ring mail.
l - a +2 ring of evasion
m - a +3 ring of dexterity You open the door.
A shadow, a centaur, 2 yaks, a vampire and a troll come into view.
The yak bellows!
The centaur shouts!
The yak bellows!
The troll shouts!
You slash the troll!
The troll looks as sick as possible!
The troll is moderately wounded.
The troll bites you! The troll claws you but does no damage.
The troll claws you!
You closely miss the troll.
The troll is moderately wounded.
The shadow slips into darkness.
The shadow flickers and vanishes!
Deactivating autopickup; reactivate with Ctrl-A.
The troll bites you but does no damage. The troll claws you.
The troll claws you!
You hit the troll.
The troll looks as sick as possible!
Your headbutt misses the troll.
The troll is moderately wounded.
The troll bites you. The troll barely misses you. The troll closely misses you.
You puncture the troll!
The troll looks as sick as possible!
The troll is severely wounded.
The troll bites you!
* * * LOW HITPOINT WARNING * * *
The troll barely misses you. The troll claws you but does no damage.
You slash the troll!
The troll looks as sick as possible!
The troll is almost dead.
The troll bites you!
* * * LOW HITPOINT WARNING * * *
The troll claws you but does no damage. The troll claws you.
* * * LOW HITPOINT WARNING * * *
You barely miss the troll.
The troll is almost dead.
The troll bites you.
You die...
Your body crumbles into a pile of gold. ▓▓▓▓▓▓▓▓▓▓▓▓▓▓▓▓▓▓▓▓▓▓▓▓ ..YcYVT@.[[[.)?!'_______ ▓▓▓▓▓▓▓▓▓▓▓▓▓▓▓▓▓▓▓▓▓▓▓▓ $ $ $$$$$ $ $ $ $$$$$ $$$$$$

You could see 2 yaks, a troll (extremely poisoned), a vampire and a centaur.

Vanquished Creatures
  An ogre (D)
  A hound (D)
  An adder (D)
  An ufetubus (D)
  A worm (D)
  An endoplasm (D)
  A hobgoblin (D)
  A ball python (D)
  2 rats (D)
10 creatures vanquished.

Notes
Turn   | Place    | Note
-------+----------+-------------------------------------------
     0 | D        | Heoruswealwe the Minotaur Fighter began the quest for the
                  | Orb.
     0 | D        | Reached XP level 1. HP: 19/19 MP: 0/0
     9 | D        | Reached skill level 3 in Polearms
    22 | D        | Noticed a hound
    22 | D        | Noticed an ogre
    24 | D        | Reached skill level 4 in Polearms
    24 | D        | Reached XP level 2. HP: 26/28 MP: 1/1
    26 | D        | HP: 1/28 [ogre/+0 giant club (26)]
    28 | D        | Killed an ogre
    29 | D        | Reached skill level 8 in Polearms
    29 | D        | Reached XP level 3. HP: 36/38 MP: 2/2
    29 | D        | Reached XP level 4. HP: 43/45 MP: 3/3
    40 | D        | Reached XP level 5. HP: 39/52 MP: 4/4
    46 | D        | Found a snail-covered altar of Cheibriados.
    46 | D        | Found a shadowy altar of Dithmenos.
    46 | D        | Found a white marble altar of Elyvilon.
    46 | D        | Found a blossoming altar of Fedhas.
    46 | D        | Found an opulent altar of Gozag.
    47 | D        | Found a hazy altar of Hepliaklqana.
    48 | D        | Found a viscous altar of Jiyva.
    49 | D        | Found an ancient bone altar of Kikubaaqudgha.
    50 | D        | Found a corrupted altar of Lugonu.
    51 | D        | Found a burning altar of Makhleb.
    52 | D        | Found a sparkling altar of Nemelex Xobeh.
    53 | D        | Found an iron altar of Okawaru.
    54 | D        | Became a worshipper of Gozag Ym Sagoz the Greedy
    55 | D        | Found a stormy altar of Qazlal.
    56 | D        | Found a sacrificial altar of Ru.
    57 | D        | Found a shimmering blue altar of Sif Muna.
    58 | D        | Found a bloodstained altar of Trog.
    59 | D        | Found a hide-covered altar of Uskayaw.
    60 | D        | Found a radiant altar of Vehumet.
    61 | D        | Found an ornate altar of the Wu Jian Council.
    62 | D        | Found a shimmering altar of Xom.
    63 | D        | Found a basalt altar of Yredelemnul.
    64 | D        | Found a glowing silver altar of Zin.
    65 | D        | Found a glowing golden altar of the Shining One.
    96 | D        | Noticed a shadow
    96 | D        | Noticed a yak
    96 | D        | Noticed a centaur
    96 | D        | Noticed a yak
    96 | D        | Noticed a vampire
    96 | D        | Noticed a troll
   101 | D        | HP: 2/52 [troll (8)]
   102 | D        | Slain by a troll

Illustrated notes

Levels and vault maps discovered:
D:        linesprint [early_d, line_temple, items_1, d_10, items_2, lair_1,
          lair_end, items_3, orc_1, orc_end, items_4, d_15, swamp_1, shoals_1,
          snake_1, spider_1, d_20, vaults_1, items_5, swamp_end, shoals_end,
          snake_end, spider_end, vaults_end, d_27, items_6, zot_1, zot_end,
          crypt_end, forest_end, elf_end, slime_end, tomb_end, abyss_end,
          pan_hell_end]

Skill      XL: |  1  2  3  4 |
---------------+-------------+-----
Polearms       | 4 8 |  8.8
Fighting       | 4 6 7 |  7.0
Armour         | 4 6 7 |  7.0
Shields        | |  3.6

Action                     |  1- 3 |  4- 6 || total
---------------------------+-------+-------++-------
  Melee: Trident           |    16 |     8 ||    24
         Headbutt          |     1 |     2 ||     3
         Halberd           |       |     6 ||     6
    Use: Potion            |     1 |       ||     1
 Armour: Scale mail        |     3 |     7 ||    10
  Dodge: Dodged            |     7 |     5 ||    12
  Block: Buckler           |     2 |       ||     2
